Map: King's Cove LE

Players

GAVAKE

  • Race: Protoss Protoss
  • League: Platinum
  • Spawn Location: 5:00

NightKnight - Winner!

  • Race: Protoss Protoss
  • League: Gold
  • Spawn Location: 11:00

VOD

Have the link to the VOD?

Description

Time

  • Played on: May 22, 2019, 4:04 p.m.
  • Length: 7:37
Show
View Real Time Build Order
Export as new Build Order

GAVAKE Protoss 

Build Orders: Double Forge 

Get SALT Encoding   

  1  0:00  Probe  
  13  0:07  Probe  
  14  0:18  Pylon  
  14  0:20  Probe  
  15  0:37  Forge  
  15  0:40  Probe  
  16  0:52  Probe  
  17  0:58  Pylon  
  17  1:04  Probe  
  18  1:15  Pylon  
  18  1:22  Photon Cannon  
  18  1:25  Probe  
  19  1:32  Gateway  
  19  1:49  Photon Cannon  
  19  2:10  Probe  
  15  2:18  Pylon  
  15  2:21  Probe  
  15  2:22  Photon Cannon  
  16  2:59  Pylon  
  16  3:07  Pylon  
  16  3:10  Assimilator  
  16  3:27  Forge  
  16  3:33  Gateway  
  16  3:54  Pylon  
  16  4:02  Probe  
  17  4:10  Photon Cannon  
  17  4:12  Photon Cannon  
  17  4:17  Pylon  
  17  4:30  Photon Cannon  
  13  4:50  Photon Cannon  
  5  5:13  Photon Cannon  
  4  5:15  Photon Cannon  
  3  5:33  Pylon  
  3  5:52  Pylon  
  2  7:06  Pylon  
Show
View Real Time Build Order
Export as new Build Order

NightKnight Protoss - Winner!

Build Orders: Double Forge 

Get SALT Encoding   

  12  0:00  Probe  
  13  0:16  Pylon  
  13  0:19  Probe  
  14  0:31  Probe  
  15  0:37  Forge  
  15  0:58  Probe  
  15  0:59  Gateway  
  16  1:08  Pylon  
  16  1:13  Pylon  
  16  1:19  Probe  
  17  1:30  Photon Cannon  
  17  1:39  Photon Cannon  
  17  1:52  Pylon  
  17  2:07  Pylon  
  17  2:11  Pylon  
  17  2:17  Photon Cannon  
  17  2:23  Photon Cannon  
  17  2:35  Pylon  
  17  2:39  Photon Cannon  
  17  2:48  Pylon  
  17  2:53  Photon Cannon  
  17  2:56  Photon Cannon  
  17  3:03  Probe  
  17  3:11  Probe  
  19  3:21  Probe  
  19  3:23  Forge  
  20  3:37  Pylon  
  20  3:39  Gateway  
  20  4:01  Photon Cannon  
  20  4:07  Photon Cannon  
  20  4:14  Photon Cannon  
  20  4:22  Photon Cannon  
  20  4:37  Photon Cannon  
  20  4:44  Photon Cannon  
  17  5:20  Zealot  
  19  6:11  Probe  
  19  6:13  Assimilator  
  20  6:18  Pylon  
  20  6:19  Probe  
  21  6:29  Probe  
  22  6:35  Pylon  
  22  6:39  Pylon  
  22  7:06  Photon Cannon  
  22  7:17  Probe  
Tags
 
Add a new tag
Caveats
  • Supply blocks, unpowered buildings, or Contaminate may cause inaccurate times.
  • Supply counts are checked every 10 seconds.